 Dungeon Sprint DCSS version 0.18.1-50-g88ac8fd (webtiles) character file.

6255 lorenzova the Eclecticist (level 10, -6/50 HPs)
             Began as a Deep Elf Conjurer on Oct 17, 2016.
             Was the Champion of Sif Muna.
             Mangled by a spiny frog (16 damage)
             ... in the Dungeon (Sprint III: "The Ten Rune Challenge").
             The game lasted 00:17:53 (2685 turns).

lorenzova the Eclecticist (Deep Elf Conjurer)       Turns: 2685, Time: 00:17:55

Health: -6/50      AC:  3    Str:  8    XL:     10   Next: 62%
Magic:  35/43      EV: 13    Int: 28    God:    Sif Muna [******]
Gold:   804        SH:  0    Dex: 17    Spells: 9 memorised, 13 levels left

rFire  . . .     SeeInvis .     x - +4 scimitar (flame)
rCold  + + .     Gourm    .     y - +1 robe {rC+}
rNeg   . . .     Faith    .     (no shield)
rPois  +         Spirit   .     (helmet restricted)
rElec  .         Dismiss  .     (no cloak)
rCorr  .         Reflect  .     (no gloves)
SustAt .         Harm     .     (no boots)
MR     +....     NoTele   +     E - amulet of magic regeneration
Stlth  ++........               B - ring "Rakkees" {rPois rC+ Str+3 Int+4}
                                D - ring of magical power

@: lethally poisoned (-6 -> -41), delayed fireball, somewhat resistant to
hostile enchantments, unstealthy
A: antennae 1, agile 1
a: Channel Energy, Forget Spell, Renounce Religion, Release Delayed Fireball


You were in the Dungeon.
You worshipped Sif Muna.
Sif Muna was exalted by your worship.
You were not hungry.

You visited 1 branch You collected 2554 gold pieces.
You spent 1750 gold pieces at shops.

Inventory:

Hand Weapons
 r - a +1 long sword of holy wrath
 x - a +4 scimitar of flaming (weapon)
Armour
 a - a +0 robe
 y - a +1 robe of cold resistance (worn)
 A - a +0 robe of fire resistance
Jewellery
 B - the ring "Rakkees" (right hand) {rPois rC+ Str+3 Int+4}
   (You bought it in a shop in the Dungeon)

   [ring of protection from cold]

   It affects your strength (+3).
   It affects your intelligence (+4).
   It protects you from cold.
   It protects you from poison.
 C - an uncursed ring of see invisible
 D - a ring of magical power (left hand)
 E - an amulet of magic regeneration (around neck)
 F - an uncursed ring of wizardry
Wands
 t - a wand of acid (13/15)
Scrolls
 i - a scroll of blinking
 j - 6 scrolls of identify
 l - a scroll of torment {unknown}
 o - 2 scrolls of holy word {unknown}
Potions
 d - a potion of curing
 e - a potion of heal wounds
 f - a potion of haste
 g - a potion of magic
 h - a potion of berserk rage
 m - 4 potions of cure mutation
 n - 3 potions of flight
 s - a potion of might
Books
 b - a book of Conjurations

   Spells                             Type                      Level
   a - Magic Dart                     Conjuration                  1
   b - Searing Ray                    Conjuration                  2
   c - Dazzling Spray                 Conjuration/Hexes            3
   d - Fulminant Prism                Conjuration/Hexes            4
   e - Iskenderun's Mystic Blast      Conjuration                  4
   f - Iskenderun's Battlesphere      Conjuration/Charms           5
 k - a book of Flames

   Spells                             Type                      Level
   a - Flame Tongue                   Conjuration/Fire             1
   b - Throw Flame                    Conjuration/Fire             2
   c - Conjure Flame                  Conjuration/Fire             3
   d - Inner Flame                    Hexes/Fire                   3
   e - Sticky Flame                   Conjuration/Fire             4
   f - Fireball                       Conjuration/Fire             5
 q - a book of Annihilations

   Spells                             Type                      Level
   a - Poison Arrow                   Conjuration/Poison           6
   b - Chain Lightning                Conjuration/Air              8
   c - Lehudib's Crystal Spear        Conjuration/Earth            8
   d - Glaciate                       Conjuration/Ice              9
   e - Fire Storm                     Conjuration/Fire             9
 v - Sif Muna's Collected Works on the Virous Entourage
   (Sif Muna gifted it to you in the Dungeon)

   Spells                             Type                      Level
   a - Recall                         Summoning/Translocation      3
   b - Call Canine Familiar           Summoning                    3
   c - Summon Forest                  Summoning/Translocation      5
   d - Dragon's Call                  Summoning                    9
 z - Sif Muna's Volume of Lethal Clay
   (Sif Muna gifted it to you in the Dungeon)

   Spells                             Type                      Level
   a - Flame Tongue                   Conjuration/Fire             1
   b - Sticky Flame                   Conjuration/Fire             4
   c - Venom Bolt                     Conjuration/Poison           5
   d - Bolt of Magma                  Conjuration/Fire/Earth       5
   e - Lightning Bolt                 Conjuration/Air              5
   f - Delayed Fireball               Conjuration/Fire             7
 G - Sif Muna's Handbook of the Excruciating Snowflakes
   (Sif Muna gifted it to you in the Dungeon)

   Spells                             Type                      Level
   a - Static Discharge               Conjuration/Air              3
   b - Lightning Bolt                 Conjuration/Air              5
   c - Metabolic Englaciation         Hexes/Ice                    5
   d - Iron Shot                      Conjuration/Earth            6
   e - Chain Lightning                Conjuration/Air              8
 H - Sif Muna's Grimoire of Vitriolic Moulding
   (Sif Muna gifted it to you in the Dungeon)

   Spells                             Type                      Level
   a - Petrify                        Transmutation/Earth          4
   b - Hydra Form                     Transmutation                6
 I - Sif Muna's Reference Book on Frigorific Malediction
   (Sif Muna gifted it to you in the Dungeon)

   Spells                             Type                      Level
   a - Throw Frost                    Conjuration/Ice              2
   b - Throw Icicle                   Conjuration/Ice              4
   c - Leda's Liquefaction            Hexes/Earth                  4
   d - Ice Form                       Ice/Transmutation            4
   e - Freezing Cloud                 Conjuration/Ice/Air          6
   f - Darkness                       Hexes                        6
Miscellaneous
 w - a phantom mirror
Comestibles
 c - 2 bread rations
 p - a meat ration
 u - 28 royal jellies


   Skills:
 - Level 2.4 Dodging
 - Level 2.4 Stealth
 + Level 18.2 Spellcasting
 + Level 15.9 Conjurations
 + Level 13.4 Fire Magic
 * Level 8.4 Earth Magic


You had 13 spell levels left.
You knew the following spells:

 Your Spells              Type           Power        Failure   Level  Hunger
a - Magic Dart            Conj           ####         0%          1    None
b - Iskenderun's Battles  Conj/Chrm      ######..     1%          5    None
c - Iskenderun's Mystic   Conj           #######.     1%          4    None
d - Conjure Flame         Conj/Fire      #######.     0%          3    None
e - Fireball              Conj/Fire      #######...   1%          5    None
f - Dazzling Spray        Conj/Hex       ######       1%          3    None
g - Delayed Fireball      Conj/Fire      N/A          4%          7    ####...
h - Bolt of Magma         Conj/Fire/Erth #######...   1%          5    None
s - Sticky Flame          Conj/Fire      #######.     1%          4    None


Dungeon Overview and Level Annotations

Branches:
Dungeon (1/1)

Altars:
Cheibriados
Dithmenos
Elyvilon
Fedhas
Gozag
Kikubaaqudgha
Makhleb
Nemelex Xobeh
Okawaru
Pakellas
Qazlal
Ru
Sif Muna
Trog
Vehumet
Xom
Yredelemnul
Zin
The Shining One
Jiyva
Lugonu

Shops:
D =


Innate Abilities, Weirdness & Mutations

You have a pair of small antennae on your head.
You are agile. (Dex +2)


Message History

You feel sick.
The spiny frog stings your battlesphere!!
Your battlesphere is destroyed!
You feel sick. The spiny frog stings you!!
* * * LOW HITPOINT WARNING * * *
You are more poisoned.
The spiny frog poisons you!
Casting: Sticky Flame
Confirm with . or Enter, or press ? or * to list all spells.
Aiming: Iskenderun's Mystic Blast
Press: ? - help, Shift-Dir - straight line, f/p - spiny frog
Aim: a spiny frog (magical condensation, moderately wounded)
The orb of energy hits the spiny frog.
The spiny frog is heavily wounded.
The orb of energy explodes!
The mystic blast hits the spiny frog.
The spiny frog is almost dead.
* * * LOW HITPOINT WARNING * * *
You feel very sick. The spiny frog stings you!
You die...

.♣♣.'.⌠........#.#..#.#..#
≈♣..#...######'#...#######
....#.⌠.#__#.).#'################
....#...#__#..)#.[§§≈§§#(().†'†#.
....#)###__#.))#.#§§≈#§#.#)..##.#
....#...#__#...)[#§§.#.#.#..)#.#.
....#___#__'...#.#§§§#..*#...##.#
▓▓▓▓▓▓▓▓▓▓▓▓▓▓▓▓▓▓▓▓▓▓▓▓▓▓▓▓▓#.#.
♣≈≈lF@......≈≈≈...##.#
♣'♣≈≈F≈≈≈≈≈≈≈≈≈♣♣†.'.#.
.≈♣♣♣♣♣♣♣♣♣♣♣♣♣♣♣♣.P##.# #..
♣♣♣##+# ##


You could see a komodo dragon and 2 spiny frogs.

Vanquished Creatures
  A centaur warrior (D)
  Erica (D)
  An unseen horror (D)
  A deep elf mage (D)
  An orc sorcerer (D)
  3 wandering mushrooms (D)
  A queen bee (D)
  A shadow (D)
  A spatial vortex (D)
  2 orc warriors (D)
  A necrophage (D)
  2 centaurs (D)
  An earth elemental (D)
  A water elemental (D)
  A scorpion (D)
  32 killer bees (D)
  A jelly (D)
  2 orc priests (D)
  An orc wizard (D)
  Jessica (D)
  A wizard (D)
  A necromancer (D)
  A kobold demonologist (D)
  3 humans (D)
  An ooze (D)
  12 orcs (D)
  2 rats (D)
77 creatures vanquished.

Vanquished Creatures (others)
  2 draconian scorchers (D)
  2 yaktaurs (D)
  2 plants (D)
6 creatures vanquished.

Grand Total: 83 creatures vanquished

Notes
Turn   | Place    | Note
--------------------------------------------------------------
     0 | D        | lorenzova the Deep Elf Conjurer began the quest for the Orb.
     0 | D        | Reached XP level 1. HP: 10/10 MP: 6/6
     7 | D        | Reached skill level 4 in Spellcasting
     7 | D        | Reached skill level 5 in Conjurations
    62 | D        | Noticed Jessica
    65 | D        | Killed Jessica
    65 | D        | Reached skill level 6 in Spellcasting
    65 | D        | Reached XP level 2. HP: 15/15 MP: 4/11
    65 | D        | Reached XP level 3. HP: 19/19 MP: 4/12
   137 | D        | Learned a level 3 spell: Dazzling Spray
   153 | D        | Killed a yaktaur
   162 | D        | Reached skill level 7 in Spellcasting
   217 | D        | Killed a white draconian scorcher
   266 | D        | Noticed a scorpion
   273 | D        | Killed a scorpion
   273 | D        | Reached skill level 8 in Spellcasting
   273 | D        | Reached XP level 4. HP: 24/24 MP: 6/16
   285 | D        | Killed a white draconian scorcher
   325 | D        | Learned a level 4 spell: Iskenderun's Mystic Blast
   344 | D        | Gained mutation: You are agile. (Dex +2) [potion of mutation]
   344 | D        | Gained mutation: Scrolls take you a little longer to read. [potion of mutation]
   344 | D        | Gained mutation: Your flesh is cold resistant. [potion of mutation]
   345 | D        | Gained mutation: You have a pair of small antennae on your head. [potion of mutation]
   345 | D        | Gained mutation: Your body sometimes deteriorates upon taking damage. [potion of mutation]
   345 | D        | Gained mutation: Armour fits poorly on your strangely shaped body. [potion of mutation]
   346 | D        | Lost mutation: Armour fits poorly on your strangely shaped body. [potion of cure mutation]
   346 | D        | Lost mutation: Your body sometimes deteriorates upon taking damage. [potion of cure mutation]
   346 | D        | Lost mutation: Scrolls take you a little longer to read. [potion of cure mutation]
   346 | D        | Lost mutation: Your flesh is cold resistant. [potion of cure mutation]
   366 | D        | Noticed a water elemental
   370 | D        | Killed a water elemental
   370 | D        | Reached skill level 10 in Spellcasting
   370 | D        | Reached XP level 5. HP: 28/28 MP: 4/19
   474 | D        | Found a radiant altar of Vehumet.
   474 | D        | Found a deep blue altar of Sif Muna.
   474 | D        | Found an ancient bone altar of Kikubaaqudgha.
   556 | D        | Became a worshipper of Sif Muna the Loreminder
   562 | D        | Learned a level 3 spell: Conjure Flame
   567 | D        | Learned a level 4 spell: Sticky Flame
   573 | D        | Found a glowing silver altar of Zin.
   573 | D        | Found a glowing golden altar of the Shining One.
   573 | D        | Found a white marble altar of Elyvilon.
   575 | D        | Noticed a deep elf mage
   578 | D        | Killed a deep elf mage
   578 | D        | Reached * piety under Sif Muna
   578 | D        | Reached ** piety under Sif Muna
   578 | D        | Reached *** piety under Sif Muna
   578 | D        | Reached skill level 13 in Spellcasting
   578 | D        | Reached XP level 6. HP: 32/32 MP: 12/24
   578 | D        | Reached XP level 7. HP: 36/36 MP: 12/25
   656 | D        | Found an iron altar of Okawaru.
   656 | D        | Found a bloodstained altar of Trog.
   656 | D        | Noticed a human
   656 | D        | Noticed a human
   659 | D        | Killed a human
   659 | D        | Reached **** piety under Sif Muna
   660 | D        | Killed a human
   660 | D        | Reached ***** piety under Sif Muna
   746 | D        | Found a basalt altar of Yredelemnul.
   746 | D        | Found a snail-covered altar of Cheibriados.
   746 | D        | Found a blossoming altar of Fedhas.
   750 | D        | Reached skill level 14 in Spellcasting
   839 | D        | Reached XP level 8. HP: 41/41 MP: 21/28
   946 | D        | Learned a level 5 spell: Iskenderun's Battlesphere
   954 | D        | Found an oddly glowing altar of Pakellas.
   954 | D        | Found a stormy altar of Qazlal.
   954 | D        | Found a sacrificial altar of Ru.
   954 | D        | Found a burning altar of Makhleb.
   954 | D        | Found a shimmering altar of Xom.
   960 | D        | Reached ****** piety under Sif Muna
   960 | D        | Received a gift from Sif Muna
   999 | D        | Identified Sif Muna's Collected Works on the Virous Entourage (Sif Muna gifted it to you in the Dungeon)
  1006 | D        | Learned a level 5 spell: Fireball
  1006 | D        | Found a viscous altar of Jiyva.
  1006 | D        | Found a shadowy altar of Dithmenos.
  1006 | D        | Found a sparkling altar of Nemelex Xobeh.
  1006 | D        | Found a corrupted altar of Lugonu.
  1006 | D        | Found an opulent altar of Gozag.
  1026 | D        | Noticed Erica
  1029 | D        | Killed Erica
  1029 | D        | Reached skill level 15 in Spellcasting
  1029 | D        | Reached skill level 10 in Fire Magic
  1111 | D        | Found Syapp's Jewellery Emporium.
  1121 | D        | Received a gift from Sif Muna
  1121 | D        | Reached XP level 9. HP: 45/45 MP: 17/30
  1122 | D        | Noticed an orc sorcerer
  1122 | D        | Killed an orc sorcerer
  1122 | D        | Reached skill level 16 in Spellcasting
  1172 | D        | Identified Sif Muna's Volume of Lethal Clay (Sif Muna gifted it to you in the Dungeon)
  1548 | D        | Bought the ring "Rakkees" {rPois rC+ Str+3 Int+4} for 610 gold pieces
  1548 | D        | Bought an uncursed ring of see invisible for 180 gold pieces
  1548 | D        | Bought an uncursed ring of magical power for 240 gold pieces
  1548 | D        | Bought an uncursed amulet of magic regeneration for 360 gold pieces
  1548 | D        | Bought an uncursed ring of wizardry for 360 gold pieces
  1561 | D        | Learned a level 7 spell: Delayed Fireball
  1568 | D        | Learned a level 5 spell: Bolt of Magma
  1600 | D        | Received a gift from Sif Muna
  1601 | D        | Identified Sif Muna's Handbook of the Excruciating Snowflakes (Sif Muna gifted it to you in the Dungeon)
  1772 | D        | Noticed a centaur warrior
  1773 | D        | Killed a centaur warrior
  1773 | D        | Reached skill level 17 in Spellcasting
  1773 | D        | Reached skill level 15 in Conjurations
  1899 | D        | Noticed an unseen horror
  1901 | D        | Killed an unseen horror
  1901 | D        | Received a gift from Sif Muna
  1901 | D        | Reached XP level 10. HP: 29/50 MP: 21/33
  1902 | D        | Identified Sif Muna's Reference Book on Frigorific Malediction (Sif Muna gifted it to you in the Dungeon)
  2093 | D        | Reached skill level 5 in Earth Magic
  2186 | D        | Received a gift from Sif Muna
  2223 | D        | Reached skill level 18 in Spellcasting
  2508 | D        | Identified Sif Muna's Grimoire of Vitriolic Moulding (Sif Muna gifted it to you in the Dungeon)
  2679 | D        | Noticed a spiny frog
  2679 | D        | Noticed a spiny frog
  2685 | D        | Mangled by a spiny frog

Skill      XL: |  1  2  3  4  5  6  7  8  9 10 |
---------------+-------------------------------+-----
Spellcasting   | 6 8 10 13 14 15 17 18 | 18.2
Conjurations   | 6 8 9 11 12 13 15 | 15.9
Fire Magic     | 6 8 10 12 13 | 13.4
Earth Magic    | 3 8 |  8.4
Dodging        | |  2.4
Stealth        | |  2.4

Action                   |  1- 3 |  4- 6 |  7- 9 | 10-12 || total
-------------------------+-------+-------+-------+-------++-------
Melee: Scimitar          |       |       |    21 |       ||    21
 Cast: Magic Dart        |    25 |     2 |    41 |    52 ||   120
       Dazzling Spray    |     1 |       |       |       ||     1
       Iskenderun's Myst |       |     7 |    23 |     5 ||    35
       Conjure Flame     |       |     1 |     6 |     5 ||    12
       Iskenderun's Batt |       |       |     9 |    10 ||    19
       Sticky Flame      |       |       |     1 |    12 ||    13
       Fireball          |       |       |     1 |       ||     1
       Delayed Fireball  |       |       |     1 |       ||     1
  Use: Potion            |       |     3 |       |     1 ||     4
  Eat: Chunk             |       |       |     4 |       ||     4
       Royal jelly       |       |       |       |     1 ||     1
Armor: Robe              |       |     1 |     3 |       ||     4
Dodge: Dodged            |     5 |       |    18 |    16 ||    39
